SAL
ROME BRAVES @ GREENVILLE DRIVE
06/06/2099
 
TOP OF THE 1ST
Rome Braves batting - Pitching for Greenville Drive : RHP Jerry Aguilera
Pitching: RHP Jerry Aguilera
Batting: LHB Brock Heitman 0-0: Called Strike
0-1: Ball
1-1: SINGLE (Groundball, 34D, EV 99.4 MPH)
Batting: RHB Kevin Gricus 0-0: Ball
1-0: Foul Ball, location: 2F
1-1: Ball
Brock Heitman is caught stealing 2nd base 2-4
2-1: Ball
3-1: Swinging Strike
3-2: DOUBLE (Line Drive, 9D, EV 84.4 MPH)
Batting: SHB Kyle Montgomery 0-0: Ball
1-0: Foul Ball, location: 7LMF
1-1: Called Strike
1-2: Strikes out swinging
Batting: LHB Justin Swartz 0-0: Called Strike
0-1: Ball
1-1: Called Strike
1-2: Ball
2-2: SINGLE (Line Drive, 8LS, EV 109.4 MPH)
Kevin Gricus to third
Runner from 3rd tries for Home, SAFE, throw by CF to home
Batting: RHB Todd Cabe 0-0: Ball
1-0: Ball
2-0: Ball
3-0: Called Strike
3-1: Foul Ball, location: 2F
3-2: Foul Ball, location: 2F
3-2: Strikes out looking
Top of the 1st over - 1 run, 3 hits, 0 errors, 1 left on base; Rome 1 - Greenville 0
BOTTOM OF THE 1ST
Greenville Drive batting - Pitching for Rome Braves : RHP Brad Dunivent
Pitching: RHP Brad Dunivent
Batting: RHB Antonio Torres 0-0: Foul Ball, location: 2F
0-1: Swinging Strike
0-2: Ball
1-2: SINGLE (Groundball, 34D, EV 99.4 MPH)
Batting: LHB Jessie Bazemore 0-0: Ball
1-0: Ball
2-0: Called Strike
Antonio Torres steals 2nd base
2-1: Ball
3-1: Base on Balls
Batting: RHB Frank Kravitz 0-0: Grounds into double play, 5-4-3 (Groundball, 56S, EV 88.1 MPH)
Antonio Torres to third
Batting: RHB Rich Bledsoe 0-0: Ball
1-0: Foul Ball, location: 5FF
1-1: Ball
2-1: Foul Ball, location: 7LMF
2-2: Strikes out swinging
Bottom of the 1st over - 0 runs, 1 hit, 0 errors, 1 left on base; Rome 1 - Greenville 0
TOP OF THE 2ND
Rome Braves batting - Pitching for Greenville Drive : RHP Jerry Aguilera
Batting: RHB Alejandro Rodriguez 0-0: Ground out 6-3 (Groundball, 6MS, EV 83.8 MPH)
Batting: LHB Vinny Giron 0-0: Swinging Strike
0-1: Ball
1-1: Called Strike
1-2: Ball
2-2: Strikes out swinging
Batting: RHB Robby Rios 0-0: Ball
1-0: Foul Ball, location: 9LMF
1-1: Foul Ball, location: 2F
1-2: Strikes out swinging
Top of the 2nd over - 0 runs, 0 hits, 0 errors, 0 left on base; Rome 1 - Greenville 0
BOTTOM OF THE 2ND
Greenville Drive batting - Pitching for Rome Braves : RHP Brad Dunivent
Batting: RHB Josh Storlie 0-0: Swinging Strike
0-1: Ball
1-1: Called Strike
1-2: Ground out 5-3 (Groundball, 56, EV 86.3 MPH)
Batting: RHB Armani Brawner 0-0: Swinging Strike
0-1: Foul Ball, location: 9LMF
0-2: Ball
1-2: Fly out, F4 (Popup, 34S, EV 76.9 MPH)
Batting: LHB Justin Bartholomew 0-0: Ball
1-0: Ball
2-0: Ball
3-0: Called Strike
3-1: Called Strike
3-2: Fly out, F9 (Line Drive, 89M, EV 87.5 MPH)
Bottom of the 2nd over - 0 runs, 0 hits, 0 errors, 0 left on base; Rome 1 - Greenville 0
TOP OF THE 3RD
Rome Braves batting - Pitching for Greenville Drive : RHP Jerry Aguilera
Batting: RHB Justin Goldenstein 0-0: Called Strike
0-1: Foul Ball, location: 2F
0-2: DOUBLE (Line Drive, 7LM, EV 105.6 MPH)
Pinch Runner at 2nd Eric Fox:
Batting: LHB Brock Heitman 0-0: Called Strike
0-1: Swinging Strike
0-2: Ball
1-2: Ball
2-2: Ball
3-2: Strikes out swinging
Batting: RHB Kevin Gricus 0-0: Foul Ball, location: 23F
0-1: Ball
1-1: DOUBLE (Flyball, 89D, EV 106.3 MPH)
Eric Fox scores
Batting: SHB Kyle Montgomery 0-0: Called Strike
0-1: Ball
1-1: Foul Ball, location: 7LMF
1-2: Strikes out looking
Batting: LHB Justin Swartz 0-0: Called Strike
0-1: Swinging Strike
0-2: Ball
1-2: Strikes out swinging
Top of the 3rd over - 1 run, 2 hits, 0 errors, 1 left on base; Rome 2 - Greenville 0
BOTTOM OF THE 3RD
Greenville Drive batting - Pitching for Rome Braves : RHP Brad Dunivent
Pitching: RHP Juan de Anda
Now in LF: Eric Fox
Now in CF: Robby Rios
Batting: RHB Tim Dean 0-0: Foul Ball, location: 2F
0-1: Called Strike
0-2: Ball
1-2: Ball
2-2: DOUBLE (Flyball, 8RXD, EV 97.5 MPH)
Batting: RHB Je-won Nah 0-0: Ball
1-0: Ball
2-0: Called Strike
2-1: SINGLE (Groundball, 56S, EV 68.8 MPH) (infield hit)
Tim Dean to third
Batting: RHB Antonio Torres 0-0: Fielders Choice at 2nd, 6-4 (Groundball, 6MD, EV 104.4 MPH)
Tim Dean scores
Batting: LHB Jessie Bazemore 0-0: Hit by Pitch
Antonio Torres to second
Batting: RHB Frank Kravitz 0-0: Ball
1-0: Called Strike
Antonio Torres steals 3rd base
1-1: Foul Ball, location: 9LSF
1-2: Ball
2-2: Grounds into double play, 6-4-3 (Groundball, 6, EV 99.4 MPH)
Bottom of the 3rd over - 1 run, 2 hits, 0 errors, 1 left on base; Rome 2 - Greenville 1
TOP OF THE 4TH
Rome Braves batting - Pitching for Greenville Drive : RHP Jerry Aguilera
Batting: RHB Todd Cabe 0-0: Ball
1-0: Fly out, F3 (Popup, 3SF, EV 87.5 MPH)
Batting: RHB Alejandro Rodriguez 0-0: Called Strike
0-1: Foul Ball, location: 2F
0-2: Ball
1-2: Strikes out looking
Batting: LHB Vinny Giron 0-0: Called Strike
0-1: Swinging Strike
0-2: Strikes out swinging
Top of the 4th over - 0 runs, 0 hits, 0 errors, 0 left on base; Rome 2 - Greenville 1
BOTTOM OF THE 4TH
Greenville Drive batting - Pitching for Rome Braves : RHP Juan de Anda
Batting: RHB Rich Bledsoe 0-0: Fly out, F4 (Popup, 34, EV 57.5 MPH)
Batting: RHB Josh Storlie 0-0: Called Strike
0-1: Foul Ball, location: 2F
0-2: Ball
1-2: Foul Ball, location: 2F
1-2: Strikes out swinging
Batting: RHB Armani Brawner 0-0: Called Strike
0-1: Ball
1-1: Foul Ball, location: 2F
1-2: Ball
2-2: Ground out 6-3 (Groundball, 6, EV 81.9 MPH)
Bottom of the 4th over - 0 runs, 0 hits, 0 errors, 0 left on base; Rome 2 - Greenville 1
TOP OF THE 5TH
Rome Braves batting - Pitching for Greenville Drive : RHP Jerry Aguilera
Batting: RHB Robby Rios 0-0: Ball
1-0: Bunt missed!
1-1: Swinging Strike
1-2: Foul Ball, location: 9LDF
1-2: Strikes out looking
Batting: RHB Eric Fox 0-0: Ball
1-0: Ball
2-0: Ball
3-0: Base on Balls
Batting: LHB Brock Heitman 0-0: Foul Ball, location: 2LF
0-1: Ball
1-1: Ball
2-1: Ball
3-1: Fly out, F7 (Flyball, 8LD, EV 103.8 MPH)
Batting: RHB Kevin Gricus 0-0: Ball
1-0: Foul Ball, location: 23FF
1-1: Fielders Choice at 2nd, 5-4 (Groundball, 56, EV 88.1 MPH)
Top of the 5th over - 0 runs, 0 hits, 0 errors, 1 left on base; Rome 2 - Greenville 1
BOTTOM OF THE 5TH
Greenville Drive batting - Pitching for Rome Braves : RHP Juan de Anda
Batting: LHB Justin Bartholomew 0-0: Foul Ball, location: 7LDF
0-1: Fly out, F9 (Line Drive, 89M, EV 92.5 MPH)
Batting: RHB Tim Dean 0-0: Called Strike
0-1: Ball
1-1: Ball
2-1: Ball
3-1: Foul Ball, location: 2LF
3-2: SINGLE (Line Drive, 3D, EV 96.9 MPH)
Batting: RHB Je-won Nah 0-0: Ball
1-0: Ball
2-0: Called Strike
2-1: Ball
3-1: Called Strike
Tim Dean steals 2nd base
3-2: Ground out 5-3 (Groundball, 5, EV 78.1 MPH)
Batting: RHB Antonio Torres 0-0: Fly out, F7 (Flyball, 7LS, EV 89.4 MPH)
Bottom of the 5th over - 0 runs, 1 hit, 0 errors, 1 left on base; Rome 2 - Greenville 1
TOP OF THE 6TH
Rome Braves batting - Pitching for Greenville Drive : RHP Jerry Aguilera
Batting: SHB Kyle Montgomery 0-0: Foul Ball, location: 5FF
0-1: DOUBLE (Line Drive, 89M, EV 104.4 MPH)
Batting: LHB Justin Swartz 0-0: Intentional Walk
Pinch Runner at 2nd Bobby Quiroz:
Batting: RHB Todd Cabe 0-0: Called Strike
0-1: Foul Ball, location: 2F
0-2: Strikes out swinging
Batting: RHB Alejandro Rodriguez 0-0: Ball
1-0: Ball
2-0: Foul Ball, location: 2F
2-1: Ball
3-1: Foul Ball, location: 23F
3-2: Foul Ball, location: 2F
3-2: Foul Ball, location: 7LMF
3-2: Strikes out looking
Pitching: LHP Joe Redman
Batting: LHB Vinny Giron 0-0: Called Strike
0-1: Ball
1-1: Called Strike
1-2: Fly out, F6 (Popup, 6M, EV 71.9 MPH)
Top of the 6th over - 0 runs, 1 hit, 0 errors, 2 left on base; Rome 2 - Greenville 1
BOTTOM OF THE 6TH
Greenville Drive batting - Pitching for Rome Braves : RHP Juan de Anda
Batting: LHB Jessie Bazemore 0-0: Ball
1-0: Foul Ball, location: 2F
1-1: Ball
2-1: Fly out, F5 (Popup, 56S, EV 76.3 MPH)
Batting: RHB Frank Kravitz 0-0: Ball
1-0: Foul Ball, location: 9LMF
1-1: Ball
2-1: DOUBLE (Flyball, 8RXD, EV 95.6 MPH)
Batting: RHB Rich Bledsoe 0-0: Ball
1-0: Foul Ball, location: 9LMF
1-1: Ball
2-1: Foul Ball, location: 23FF
2-2: Ball
3-2: Ground out 6-3 (Groundball, 6, EV 85.6 MPH)
Batting: RHB Josh Storlie 0-0: Called Strike
0-1: SINGLE (Line Drive, 56D, EV 105.0 MPH)
Frank Kravitz to third
Runner from 3rd tries for Home, SAFE, throw by LF to home
Batting: RHB Armani Brawner 0-0: Foul Ball, location: 2F
0-1: Called Strike
0-2: 2-RUN HOME RUN (Flyball, 9D, EV 105.6 MPH), Distance : 393 ft
Batting: LHB Justin Bartholomew 0-0: Foul Ball, location: 7LSF
0-1: Ground out 6-3 (Groundball, 6, EV 98.8 MPH)
Bottom of the 6th over - 3 runs, 3 hits, 0 errors, 0 left on base; Rome 2 - Greenville 4
TOP OF THE 7TH
Rome Braves batting - Pitching for Greenville Drive : LHP Joe Redman
Now at 3B: Mark Bourassa
Batting: RHB Robby Rios 0-0: Swinging Strike
0-1: Ball
1-1: Foul Ball, location: 2F
1-2: Strikes out looking
Batting: RHB Eric Fox 0-0: Ball
1-0: Foul Ball, location: 25FF
1-1: Ball
2-1: Ground out 5-3 (Groundball, 56, EV 88.8 MPH)
Batting: LHB Brock Heitman 0-0: Called Strike
0-1: Ball
1-1: Ground out 4-3 (Groundball, 34D, EV 83.1 MPH)
Top of the 7th over - 0 runs, 0 hits, 0 errors, 0 left on base; Rome 2 - Greenville 4
BOTTOM OF THE 7TH
Greenville Drive batting - Pitching for Rome Braves : RHP Juan de Anda
Batting: RHB Tim Dean 0-0: Ground out 6-3 (Groundball, 6S, EV 77.5 MPH)
Batting: RHB Je-won Nah 0-0: Ball
1-0: DOUBLE (Groundball, 5L, EV 103.1 MPH)
Batting: RHB Antonio Torres 0-0: Swinging Strike
0-1: Ball
1-1: Fly out, F1 (Line Drive, P, EV 70.0 MPH)
Batting: LHB Jessie Bazemore 0-0: Ball
1-0: Ball
2-0: Ball
3-0: Base on Balls
Batting: RHB Mark Bourassa 0-0: Ball
1-0: Called Strike
1-1: Ball
2-1: Foul Ball, location: 9LDF
2-2: Strikes out swinging
Bottom of the 7th over - 0 runs, 1 hit, 0 errors, 2 left on base; Rome 2 - Greenville 4
TOP OF THE 8TH
Rome Braves batting - Pitching for Greenville Drive : LHP Joe Redman
Pitching: RHP Rodolfo Mireles
Batting: RHB Kevin Gricus 0-0: Called Strike
0-1: Foul Ball, location: 2F
0-2: Ball
1-2: Foul Ball, location: 2F
1-2: Strikes out swinging
Batting: LHB Mitch McDonald 0-0: Ball
1-0: Ball
2-0: Ball
3-0: Base on Balls
Batting: LHB Justin Swartz 0-0: Ball
1-0: Ball
2-0: Called Strike
2-1: Swinging Strike
2-2: Ball
3-2: Strikes out looking
Batting: RHB Todd Cabe 0-0: Called Strike
0-1: Ball
1-1: Ball
2-1: Ball
3-1: Foul Ball, location: 2F
3-2: Strikes out swinging
Top of the 8th over - 0 runs, 0 hits, 0 errors, 1 left on base; Rome 2 - Greenville 4
BOTTOM OF THE 8TH
Greenville Drive batting - Pitching for Rome Braves : RHP Juan de Anda
Batting: RHB Rich Bledsoe 0-0: Foul Ball, location: 25F
0-1: Fly out, F8 (Flyball, 8RS, EV 86.9 MPH)
Batting: RHB Josh Storlie 0-0: Ball
1-0: Ball
2-0: Ball
3-0: Hit by Pitch
Batting: RHB Armani Brawner 0-0: Ball
1-0: Ball
2-0: Grounds into double play, 4-6-3 (Groundball, 4, EV 109.4 MPH)
Bottom of the 8th over - 0 runs, 0 hits, 0 errors, 0 left on base; Rome 2 - Greenville 4
TOP OF THE 9TH
Rome Braves batting - Pitching for Greenville Drive : RHP Rodolfo Mireles
Batting: RHB Alejandro Rodriguez 0-0: Called Strike
0-1: Called Strike
0-2: Ground out 6-3 (Groundball, 6, EV 92.5 MPH)
Batting: LHB Vinny Giron 0-0: Ball
1-0: Called Strike
1-1: Hit by Pitch
Pinch Hitting: LHB David Joachim 0-0: Called Strike
0-1: DOUBLE (Line Drive, 9LS, EV 94.4 MPH)
Vinny Giron to third
Batting: RHB Eric Fox 0-0: Fly out, F6 (Line Drive, 6MD, EV 71.3 MPH)
Batting: LHB Brock Heitman 0-0: Ball
1-0: Ball
2-0: Reached via error on a dropped throw from 1B, E1 (Groundball, 34, EV 104.4 MPH)
Vinny Giron scores
David Joachim to third
Batting: RHB Kevin Gricus 0-0: Ball
1-0: Ball
2-0: Fielders Choice at 2nd, 6-4 (Groundball, 6, EV 98.8 MPH)
Top of the 9th over - 1 run, 1 hit, 1 error, 2 left on base; Rome 3 - Greenville 4
Wednesday, May 8th , 2024 - OOTP Baseball 24.11 Build 85